 Dungeon Crawl Stone Soup version 0.26-a0-21-gf97e55dc39 (webtiles) character file.

Game seed: 4560878245838092943, levelgen mode: deterministic

3251 Lauz the Basher (level 9, -2/51 HPs)
             Began as a Gargoyle Fighter on May 26, 2020.
             Was an Initiate of Okawaru.
             Killed from afar by a manticore (21 damage)
             ... with a volley of spikes
             ... on level 8 of the Dungeon.
             The game lasted 00:19:30 (7129 turns).

Lauz the Basher (Gargoyle Fighter)                  Turns: 7129, Time: 00:19:30

Health: -2/51      AC: 21    Str: 22    XL:     9   Next: 99%
Magic:  18/18      EV: 21    Int: 10    God:    Okawaru [......]
Gold:   275        SH: 10    Dex:  9    Spells: 7/8 levels left

rFire    + . .     SeeInvis .   a - +0 flail
rCold    . . .     Gourm    .   c - +0 kite shield
rNeg     + . .     Faith    .   F - +0 chain mail
rPois    ∞         Spirit   .   (no helmet)
rElec    +         Reflect  .   s - +0 cloak
rCorr    .         Harm     .   g - +0 pair of gloves
MR       .....                  l - +2 pair of boots
Stlth    ..........             v - amulet of the acrobat (curse)
HPRegen  0.17/turn              x - ring of protection from fire
MPRegen  0.16/turn              w - ring of magical power

@: about to teleport, barbed spikes, acrobat
A: negative energy resistance 1, electricity resistance, unbreathing,
petrification resistance, rot immunity, AC +6
a: Renounce Religion


You were on level 8 of the Dungeon.
You worshipped Okawaru.
Okawaru was noncommittal.
You were not hungry.

You visited 2 branches of the dungeon, and saw 9 of its levels.

You collected 275 gold pieces.

Inventory:

Hand Weapons
 a - a +0 flail (weapon)
Armour
 b - a +0 scale mail
 c - a +0 kite shield (worn)
 g - a +0 pair of gloves (worn)
 l - a +2 pair of boots (worn)
 s - a +0 cloak (worn)
 D - +0 steam dragon scales
 F - a +0 chain mail (worn)
Jewellery
 q - an uncursed ring of teleportation
 v - a cursed amulet of the acrobat (around neck)
 w - a ring of magical power (right hand)
 x - a ring of protection from fire (left hand)
Wands
 y - a wand of flame (30)
 z - a wand of random effects (18)
Scrolls
 h - 4 scrolls of identify
 j - 2 scrolls of amnesia
 p - 4 scrolls of remove curse
 r - 2 scrolls of noise
 B - 2 scrolls of teleportation
 E - a scroll of enchant armour
 G - a scroll of blinking {unknown}
Potions
 d - a potion of might
 e - 3 potions of haste {unknown}
 i - 4 potions of flight {unknown}
 k - 4 potions of lignification
 m - a potion of degeneration {unknown}
 n - a potion of invisibility {unknown}
 o - a potion of curing {unknown}
 t - a potion of ambrosia {unknown}
 u - 3 potions of brilliance {unknown}
 A - 2 potions of stabbing {unknown}
Comestibles
 f - 11 rations
 C - 4 chunks of flesh


   Skills:
 - Level 3.2 Fighting
 * Level 11.9 Maces & Flails
 + Level 5.0 Armour
 - Level 1.4 Dodging
 - Level 0.7 Stealth
 + Level 6.6 Shields
 - Level 0.1 Evocations


You had 7 spell levels left.
You knew the following spells:

 Your Spells              Type           Power        Failure   Level  Hunger
a - Magic Dart            Conj           #...         100%        1    ##.....

Your spell library contained the following spells:

 Spells                   Type           Power        Failure   Level  Hunger
 Blink                    Tloc           N/A          100%        2    ###....
 Call Imp                 Summ           #.......     100%        2    ###....
 Shroud of Golubria       Chrm/Tloc      #.....       100%        2    ###....
 Slow                     Hex            #.......     100%        2    ###....
 Confusing Touch          Hex            #.......     100%        3    ####...
 Conjure Flame            Conj/Fire      #.......     100%        3    ####...
 Gell's Gravitas          Tloc           #.........   100%        3    ####...
 Lesser Beckoning         Tloc           #.........   100%        3    ####...
 Mephitic Cloud           Conj/Pois/Air  #.......     100%        3    ####...
 Teleport Other           Tloc           #.......     100%        3    ####...
 Passage of Golubria      Tloc           N/A          100%        4    #####..
 Petrify                  Tmut/Erth      #.......     100%        4    #####..
 Metabolic Englaciation   Hex/Ice        #.........   100%        5    ######.
 Yara's Violent Unravell  Hex/Tmut       #.........   100%        5    ######.


Dungeon Overview and Level Annotations

Branches:
Dungeon (8/15)             Temple (1/1) D:7
   Lair: D:8-11

Altars:
Ashenzari
Cheibriados
Dithmenos
Elyvilon
Fedhas
Gozag
Hepliaklqana
Kikubaaqudgha
Makhleb
Nemelex Xobeh
Okawaru
Qazlal
Ru
Sif Muna
Trog
Uskayaw
Vehumet
Wu Jian
Xom
Yredelemnul
Zin
The Shining One

Shops:
D:5 :

Annotations:
D:3 Sigmund
D:4 1 runed translucent door, PezzR's ghost, amateur DsFi
D:5 2 transporters, KennyOmg's ghost, novice MiBe


Innate Abilities, Weirdness & Mutations

You are resistant to torment.
Your stone body is resilient. (AC +6)
You are immune to poison.
You resist negative energy. (rN+)
You are resistant to electric shocks. (rElec)
You can survive without breathing.
You are immune to petrification.
You are immune to rotting.


Message History

The manticore claws you but does no damage.
You hit the manticore but do no damage.
The manticore bites you but does no damage.
The manticore claws you but does no damage. x2
You hit the manticore.
The manticore is lightly wounded.
The manticore barely misses you. The manticore claws you.
The manticore claws you but does no damage.
You hit the manticore but do no damage.
The manticore is lightly wounded.
The manticore bites you! The manticore barely misses you.
The manticore claws you!
As you read the scroll of teleportation, it crumbles to dust.
You feel strangely unstable. The manticore bites you.
The manticore claws you but does no damage.
You block the manticore's attack.
The manticore flicks its tail.
The volley of spikes hits you!!
The barbed spikes become lodged in your body.
You die...

#### ##...%......# #...
.... #...........# #...
..... #...........####
####... #.....
#..<....................
...... .........<...#
.##..... ......
#...........# #.....
...... +...........#
+.....
############...#.......#
#.....
................@.†....#
##+#..
###############.#.H......
..... .'.###...... #.....
...#.# .##..# ##.###
#..##.# # .. ...... #...
..# . ##.#.. #.. ..# +.?
.. ..# #.. ....


You could see a manticore.

Vanquished Creatures
  Maggie (D:6)
  A hippogriff (D:8)
  Menkaure (D:6)
  2 black bears (D:6)
  3 sky beasts
  2 ice beasts
  3 phantoms
  2 ogres
  9 bullfrogs
  2 scorpions
  A water moccasin skeleton (D:6)
  4 wights (D:6)
  2 crimson imps (D:6)
  3 hounds
  A centaur skeleton (D:7)
  A jelly (D:7)
  5 worker ants
  2 killer bee zombies
  2 hound skeletons
  A howler monkey zombie (D:8)
  7 gnolls
  13 adders
  2 adder skeletons (D:5)
  3 worms (D:2)
  4 dart slugs
  5 leopard geckos
  9 orcs
  4 bats
  3 giant cockroaches
  6 goblins
  4 hobgoblins
  4 jackals (D:6)
  4 quokkas
  A ball python (D:2)
  2 frilled lizards
  A giant cockroach zombie (D:6)
  2 kobolds (D:3)
  A leopard gecko skeleton (D:5)
  7 rats
130 creatures vanquished.

Notes
Turn   | Place    | Note
-------+----------+-------------------------------------------
     0 | D:1      | Lauz the Gargoyle Fighter began the quest for the Orb.
     0 | D:1      | Reached XP level 1. HP: 14/14 MP: 1/1
   147 | D:1      | Reached XP level 2. HP: 19/19 MP: 2/2
   356 | D:1      | Reached skill level 3 in Maces & Flails
   934 | D:2      | Reached XP level 3. HP: 17/23 MP: 3/3
  1294 | D:2      | Reached skill level 4 in Maces & Flails
  1294 | D:2      | Reached XP level 4. HP: 28/28 MP: 4/4
  1985 | D:3      | Noticed Sigmund
  2548 | D:4      | Reached skill level 5 in Maces & Flails
  2548 | D:4      | Reached XP level 5. HP: 32/32 MP: 5/5
  2608 | D:4      | Noticed a phantom
  2642 | D:4      | Killed a phantom
  2642 | D:4      | Reached skill level 1 in Dodging
  2642 | D:4      | Reached XP level 6. HP: 23/37 MP: 6/6
  2797 | D:4      | Reached skill level 6 in Maces & Flails
  2908 | D:4      | Found a runed translucent door.
  2919 | D:4      | Noticed PezzR's ghost (amateur DsFi)
  3141 | D:5      | Entered Level 5 of the Dungeon
  3836 | D:5      | Noticed a phantom
  3919 | D:5      | Killed a phantom
  3919 | D:5      | Reached skill level 7 in Maces & Flails
  3919 | D:5      | Reached XP level 7. HP: 38/41 MP: 7/7
  4178 | D:5      | Found a transporter.
  4180 | D:5      | Noticed KennyOmg's ghost (novice MiBe)
  4181 | D:5      | Found a transporter.
  4335 | D:5      | Reached skill level 8 in Maces & Flails
  4377 | D:5      | Found Niwaabiy's Book Boutique.
  4846 | D:6      | Noticed Menkaure
  4851 | D:6      | Killed Menkaure
  4851 | D:6      | Reached XP level 8. HP: 46/46 MP: 8/8
  4882 | D:6      | Reached skill level 9 in Maces & Flails
  5026 | D:6      | Found a bloodstained altar of Trog.
  5140 | D:6      | Reached skill level 10 in Maces & Flails
  5233 | D:6      | Reached XP level 9. HP: 46/51 MP: 9/9
  5284 | D:6      | Reached skill level 5 in Shields
  5431 | D:6      | Noticed Maggie
  5456 | D:6      | Killed Maggie
  5592 | D:6      | Noticed a +0 dagger
  5592 | D:6      | Noticed a +0 dagger
  5593 | D:6      | Found a hide-covered altar of Uskayaw.
  5940 | D:6      | Reached skill level 11 in Maces & Flails
  6113 | D:7      | Learned a level 1 spell: Magic Dart
  6287 | D:7      | Found a staircase to the Ecumenical Temple.
  6323 | Temple   | Entered the Ecumenical Temple
  6386 | Temple   | Became a worshipper of Warmaster Okawaru
  6564 | D:7      | Found a shadowy altar of Dithmenos.
  6939 | D:8      | Noticed a two-headed ogre
  7117 | D:8      | Noticed a manticore
  7123 | D:8      | Reached skill level 5 in Armour
  7129 | D:8      | Killed from afar by a manticore

Illustrated notes

Levels and vault maps discovered:
D:1:      dpeg_arrival_refuge, layout_loops_ring, minmay_door_square
D:2:      layout_loops_ring, bh_walls_and_bars
D:3:      layout_basic, uniq_sigmund
D:4:      layout_cave_pools, ebering_ghost_reflecting_pool,
          serial_co_window_serial, co_window_paths_a, co_window_corner_a,
          co_window_of_opportunity_a, co_window_paths_a, co_window_paths_a,
          co_window_of_opportunity_b, co_window_corner_ca, co_window_corner_b,
          co_window_broadway_b, co_window_corner_b, co_window_corner_b,
          glass_columns_a
D:5:      layout_basic, first_ration, serial_shops, shop, gammafunk_ghost_smash,
          minmay_joined_circles
D:6:      layout_gridville, dancing_weapons_uskayaw, trog_ov_bears_minmay,
          uniq_menkaure, uniq_maggie
D:7:      layout_loops_ring, minmay_temple_entry_waves, grunt_dithmenos_smoke
D:8:      minmay_quarter_circles, layout_basic, grunt_tough_drop
Temple:   dpeg_three_leaves_temple

Skill      XL: |  1  2  3  4  5  6  7  8  9 |
---------------+----------------------------+-----
Maces & Flails | 3 4 5 7 8 10 11 | 11.9
Dodging        | 1 |  1.4
Shields        | 4 6 |  6.6
Armour         | 4 5 |  5.0
Fighting       | |  3.2
Stealth        | |  0.7
Evocations     | |  0.1

Action                   |  1- 3 |  4- 6 |  7- 9 || total
-------------------------+-------+-------+-------++-------
Melee: Flail             |   116 |   184 |   443 ||   743
Evoke: Wand              |       |       |    14 ||    14
  Use: Scroll            |       |     8 |     2 ||    10
 Stab: Confused          |       |       |     2 ||     2
       Paralysed         |       |       |     2 ||     2
  Eat: Chunk             |     1 |     9 |    11 ||    21
Armor: Scale mail        |    64 |    89 |   137 ||   290
       Chain mail        |       |       |   102 ||   102
Dodge: Dodged            |    43 |    29 |   145 ||   217
Block: Kite shield       |    72 |    62 |   218 ||   352

Table legend:
 A = Non-vault XP
 B = Vault XP
 C = Vault XP percentage of total XP
 D = Non-vault monster count
 E = Vault monster count
 F = Vault count percentage of total count
                 A         B        C        D         E       F
            +---------+---------+-------+---------+---------+-------
      Total |    3573 |    1072 |  23.1 |     118 |      12 |   9.2
            +---------+---------+-------+---------+---------+-------
        D:1 |      31 |       0 |   0.0 |      15 |       0 |   0.0
        D:2 |      72 |       0 |   0.0 |      16 |       0 |   0.0
        D:3 |      13 |       0 |   0.0 |       9 |       0 |   0.0
        D:4 |     394 |       0 |   0.0 |      18 |       0 |   0.0
        D:5 |     363 |     209 |  36.5 |      13 |       8 |  38.1
        D:6 |    1369 |     863 |  38.7 |      30 |       4 |  11.8
        D:7 |     775 |       0 |   0.0 |      12 |       0 |   0.0
        D:8 |     556 |       0 |   0.0 |       5 |       0 |   0.0
            +---------+---------+-------+---------+---------+-------
